 Dungeon Crawl Stone Soup version 0.20.1-1-g8b1a95d (webtiles) character file.

3258 Sandy the Covert (level 10, -1/74 HPs)
             Began as a Human Hunter on Aug 31, 2017.
             Was a Believer of Dithmenos.
             Slain by Joseph
             ... wielding the +10 falchion "Puma" {flame, +Blink rElec Stlth-}
              (14 damage)
             ... on level 7 of the Dungeon on Sept 1, 2017.
             The game lasted 00:52:37 (10312 turns).

Sandy the Covert (Human Hunter)                    Turns: 10312, Time: 00:52:38

Health: -1/74      AC:  5    Str: 21    XL:     10   Next: 19%
Magic:  10/10      EV: 15    Int: 11    God:    Dithmenos [**....]
Gold:   309        SH:  0    Dex: 16    Spells: 9/9 levels left

rFire    . . .     SeeInvis .   b - +2 long sword (elec)
rCold    . . .     Gourm    .   (no shield)
rNeg     . . .     Faith    .   c - +0 leather armour
rPois    .         Spirit   .   I - +1 hat
rElec    .         Reflect  .   (no cloak)
rCorr    .         Harm     .   C - +0 pair of gloves {Str+3}
MR       .....                  (no boots)
Stlth    ++++++....             o - amulet of rage
Regen    0.3/turn               i - +4 ring of strength
MPRegen  0.2/turn               w - ring of stealth

@: very slightly contaminated, wreathed by umbra
A: no striking features
a: Shadow Step, Renounce Religion, Evoke Berserk Rage


You were on level 7 of the Dungeon.
You worshipped Dithmenos.
Dithmenos was pleased with you.
You were hungry.

You visited 2 branches of the dungeon, and saw 9 of its levels.

You collected 519 gold pieces.
You spent 210 gold pieces at shops.

Inventory:

Hand Weapons
 a - a +1 shortbow
 b - a +2 long sword of electrocution (weapon)
 k - a +3 dagger of protection
 y - a +0 dagger of venom
 D - a +1 short sword of venom
Missiles
 e - 2 throwing nets
 g - 75 arrows
 r - 192 stones (quivered)
 z - 12 tomahawks
Armour
 c - a +0 leather armour (worn)
 C - a +0 pair of gloves of strength (worn)
 I - a +1 hat (worn)
Jewellery
 i - a +4 ring of strength (left hand)
 o - an amulet of rage (around neck)
 p - an uncursed ring of poison resistance
 w - a ring of stealth (right hand)
Wands
 h - a wand of scattershot (0/9)
 A - a wand of random effects (20/48)
Scrolls
 j - 3 scrolls of identify
 m - 2 scrolls of magic mapping
 q - a scroll of enchant weapon
 x - a scroll of teleportation
 F - 2 scrolls of remove curse
Potions
 l - a potion of curing
 n - 3 potions of haste
 s - a potion of mutation
Comestibles
 f - 4 bread rations
 v - 2 meat rations
 E - 3 fruits


   Skills:
 - Level 5.1 Fighting
 - Level 6.1(7.1) Short Blades
 + Level 5.2(6.6) Long Blades
 + Level 4.0 Bows
 - Level 5.7 Dodging
 - Level 9.0 Stealth


You had 9 spell levels left.
You didn't know any spells.

Dungeon Overview and Level Annotations

Branches:
Dungeon (8/15)             Temple (1/1) D:6
   Lair: D:8-11

Altars:
Ashenzari
Cheibriados
Dithmenos
Elyvilon
Fedhas
Gozag
Hepliaklqana
Kikubaaqudgha
Makhleb
Nemelex Xobeh
Okawaru
Qazlal
Ru
Sif Muna
Trog
Uskayaw
Vehumet
Xom
Yredelemnul
Zin
The Shining One

Shops:
D:4 [   D:6 *

Annotations:
D:7 Joseph


Message History

Joseph burns you.
* * * LOW HITPOINT WARNING * * *
You feel much better.
Joseph hits you with an uncursed shimmering falchion {flame}!
Joseph burns you.
You hit Joseph.
Joseph is heavily wounded.
Joseph hits you with an uncursed shimmering falchion {flame}!
* * * LOW HITPOINT WARNING * * *
Joseph burns you.
* * * LOW HITPOINT WARNING * * *
You closely miss Joseph.
Joseph is heavily wounded.
Joseph hits you with an uncursed shimmering falchion {flame}.
* * * LOW HITPOINT WARNING * * *
Joseph burns you.
* * * LOW HITPOINT WARNING * * *
You feel better.
Joseph hits you with an uncursed shimmering falchion {flame}!
You die...

.......#..........########
..####.#.########.# ..#
#.#..........# ..#
#.#####(############# ###
#.# #.(...........##
######.# #..............#
....##.# #..(.....[[....#
....#*,****#...(..........#
....#*,*,,,#....@.........#
....#..,,,,#[...@(........#
.......,,>,#....(.(.......#
######..#*,#.....((.......#
.........*,#..............#
#.#####.##,#......((......#
....,....,,#..............#
..#####'####..............#
..####........##########'##


You could see Joseph.

Vanquished Creatures
  Pikel (D:7)
  Grinder (D:5)
  Sigmund (D:6)
  Menkaure (D:5)
  A water moccasin (D:7)
  2 orc warriors (D:7)
  A phantom (D:5)
  An ice beast (D:5)
  3 ogres
  A centaur (D:5)
  Blork the orc (D:5)
  6 bullfrogs
  A howler monkey (D:4)
  An electric eel (D:7)
  7 crimson imps
  An orc priest (D:7)
  A bullfrog zombie (D:5)
  A hound (D:5)
  2 jellies
  6 orc wizards
  2 centaur skeletons
  2 iguanas
  3 worker ants
  2 hound skeletons (D:5)
  2 worker ant zombies
  4 gnolls (D:7)
  12 adders
  A shadow imp (D:6)
  2 worms
  7 leopard geckos
  8 orcs
  4 ball pythons
  5 bats
  2 giant cockroaches
  5 goblins
  10 hobgoblins
  8 jackals
  5 kobolds
  4 quokkas (D:5)
  7 frilled lizards
  A jackal skeleton (D:4)
  A quokka skeleton (D:5)
  A quokka zombie (D:5)
  8 rats
146 creatures vanquished.

Vanquished Creatures (others)
  3 slaves (D:7)
  A worker ant (D:7)
4 creatures vanquished.

Grand Total: 150 creatures vanquished

Notes
Turn   | Place    | Note
-------+----------+-------------------------------------------
     0 | D:1      | Sandy the Human Hunter began the quest for the Orb.
     0 | D:1      | Reached XP level 1. HP: 16/16 MP: 1/1
    48 | D:1      | Found a snail-covered altar of Cheibriados.
   103 | D:1      | Reached skill level 1 in Short Blades
   154 | D:2      | Reached XP level 2. HP: 17/22 MP: 2/2
   262 | D:3      | Reached XP level 3. HP: 24/27 MP: 3/3
   366 | D:5      | Entered Level 5 of the Dungeon
   366 | D:5      | Found a shimmering altar of Xom.
   493 | D:4      | Reached XP level 4. HP: 13/33 MP: 4/4
   837 | D:3      | Reached XP level 5. HP: 2/38 MP: 5/5
  1712 | D:3      | Noticed an ogre
  1721 | D:3      | Killed an ogre
  1721 | D:3      | Reached skill level 5 in Short Blades
  1721 | D:3      | Reached XP level 6. HP: 42/44 MP: 6/6
  2225 | D:5      | Noticed Blork the orc
  2478 | D:4      | Found Vusteg's Antique Armour Emporium.
  2891 | D:4      | Found a blossoming altar of Fedhas.
  3117 | D:5      | Killed Blork the orc
  3117 | D:5      | Reached XP level 7. HP: 13/51 MP: 7/7
  4300 | D:2      | Reached XP level 8. HP: 56/60 MP: 8/8
  4612 | D:4      | Bought a pair of embroidered gloves for 210 gold pieces
  4697 | D:5      | Found a deep blue altar of Sif Muna.
  4709 | D:5      | Noticed Grinder
  4872 | D:5      | Killed Grinder
  4872 | D:5      | Reached skill level 5 in Dodging
  4872 | D:5      | Reached skill level 3 in Stealth
  5494 | D:6      | Noticed Sigmund
  5506 | D:6      | Killed Sigmund
  5506 | D:6      | Reached skill level 4 in Stealth
  5770 | D:6      | Found a staircase to the Ecumenical Temple.
  5776 | Temple   | Entered the Ecumenical Temple
  6000 | Temple   | Became a worshipper of Dithmenos the Shadowed
  6069 | D:6      | Found Lehaofeg's Assorted Antiques.
  6142 | D:6      | Reached skill level 5 in Stealth
  7062 | D:2      | Reached XP level 9. HP: 63/65 MP: 9/9
  7163 | D:2      | Reached * piety under Dithmenos
  7303 | D:5      | Noticed Menkaure
  7311 | D:5      | Killed Menkaure
  7311 | D:5      | Reached skill level 1 in Long Blades
  7323 | D:5      | Reached skill level 6 in Stealth
  8042 | D:5      | Reached skill level 7 in Stealth
  8544 | D:7      | Reached ** piety under Dithmenos
  8547 | D:7      | Noticed Pikel
  8568 | D:7      | Killed Pikel
  8568 | D:7      | Reached skill level 8 in Stealth
  8803 | D:7      | Reached XP level 10. HP: 72/72 MP: 10/10
  8931 | D:7      | Reached skill level 9 in Stealth
  9216 | D:7      | Noticed Joseph
  9221 | D:7      | Reached skill level 5 in Long Blades
  9653 | D:7      | Reached skill level 5 in Fighting
 10312 | D:7      | Identified the +10 falchion "Puma" {flame, +Blink rElec Stlth-}
 10312 | D:7      | Slain by Joseph

Skill      XL: |  1  2  3  4  5  6  7  8  9 10 |
---------------+-------------------------------+-----
Short Blades   | 2 3 4 5 6 |  6.1
Dodging        | 4 5 |  5.7
Fighting       | 4 5 |  5.1
Stealth        | 5 8 9 |  9.0
Long Blades    | 4 5 |  5.2
Bows           | |  4.0

Action                   |  1- 3 |  4- 6 |  7- 9 | 10-12 || total
-------------------------+-------+-------+-------+-------++-------
Melee: Short sword       |    24 |   106 |       |       ||   130
       Dagger            |       |    57 |    14 |       ||    71
       Shortbow          |       |     1 |       |       ||     1
       Long sword        |       |       |   171 |    43 ||   214
 Fire: Shortbow          |    26 |    31 |    69 |    31 ||   157
Throw: Stone             |       |    18 |    53 |     7 ||    78
Evoke: Wand              |       |     2 |       |       ||     2
  Use: Potion            |       |     7 |     1 |     6 ||    14
       Scroll            |       |     3 |     3 |     5 ||    11
 Stab: Sleeping          |       |     1 |    10 |       ||    11
       Invisible         |       |       |       |     1 ||     1
  Eat: Chunk             |       |     7 |    18 |     2 ||    27
       Fruit             |       |       |       |     2 ||     2
Armor: Leather armour    |     3 |    44 |    35 |     4 ||    86
Dodge: Dodged            |    18 |    98 |   143 |    37 ||   296
       Rpst.: Long sword |       |       |    39 |     7 ||    46
